 Dungeon Crawl Stone Soup version 0.30-a0-996-ga6910c8ee8 (webtiles) character file.

Game seed: 14832445031214922709

56225 CornPuffBuddha the Cruncher (level 14, -12/199 HPs)
             Began as a Yellow Draconian Berserker on Apr 4, 2023.
             Was the Champion of Trog.
             Killed from afar by a hell hound (14 damage)
             ... with a blast of flame
             ... led by Azrael
             ... on level 13 of the Dungeon.
             The game lasted 01:00:41 (15995 turns).

CornPuffBuddha the Cruncher (DrBe)                 Turns: 15995, Time: 01:00:41

Health: -12/199    AC: 20    Str: 30    XL:     14   Next: 41%
Magic:  32/32      EV: 15    Int:  9    God:    Trog [******]
Gold:   1924       SH:  0    Dex: 10    Spells: 13/13 levels left

rFire   . . .      SeeInvis .    f - +9 bardiche (protect)
rCold   . . .      Faith    +    (shield currently unavailable)
rNeg    . . .      Spirit   .    (body armour unavailable)
rPois   +          Reflect  .    o - +0 hat "Heymur Ejor" {Contam rPois Will++ MP+9}
rElec   .          Rampage  .    U - +2 cloak {Will+}
rCorr   +                        Y - +0 pair of gloves
Will    +++++                    E - +0 pair of boots "Ezafroch" {Regen+} Stlth
                                 e - amulet of faith
HPRegen 1.33/turn                m - +6 ring of strength
MPRegen 0.23/turn                L - ring "Yllevve" {Will+ MP+9 Slay+4}

@: berserking (expiring), short of breath, silenced, under a protective aura,
studying Short Blades, very quick
A: spit acid, AC +8, unfitting armour, acidic bite, cold-blooded, acid
resistance
a: Breathe Acid, Renounce Religion


You were on level 13 of the Dungeon.
You worshipped Trog.
Trog was exalted by your worship.
You visited 3 branches of the dungeon, and saw 19 of its levels.
You also visited: Ossuary, Bailey and Volcano.

You collected 1924 gold pieces.

Inventory:

Hand Weapons
 a - a +0 spear
 f - a +9 bardiche of protection (weapon)
 k - the +10 quarterstaff of the Jolly Princes {venom, Int+3 Dex+2}
   (You acquired it on level 2 of the Dungeon)

   Int:       It affects your intelligence (+3).
   Dex:       It affects your dexterity (+2).
 v - the +2 sling of Blood {heavy, rPois}
   (You found it on level 3 of the Dungeon)

   rPois:     It protects you from poison.
 P - a +2 lajatang
 V - a +4 trident of flaming
Missiles
 R - 2 throwing nets (quivered)
Armour
 l - an orb of light
 o - the +0 hat "Heymur Ejor" (worn) {Contam rPois Will++ MP+9}
   (You acquired it on level 2 of the Dungeon)

   rPois:     It protects you from poison.
   MP:        It affects your magic capacity (+9).
   Contam:    It causes magical contamination when unequipped.
   Will:      It greatly increases your willpower.
 E - the +0 pair of boots "Ezafroch" (worn) {Regen+}
   (You found it on level 7 of the Dungeon)

   Regen:     It increases your rate of health regeneration.
 U - a +2 cloak of willpower (worn)
 Y - a +0 pair of gloves (worn)
Jewellery
 e - an amulet of faith (around neck)
 j - an amulet of faith
 m - a +6 ring of strength (left hand)
 r - a ring of willpower
 K - a ring of flight
 L - the ring "Yllevve" (right hand) {Will+ MP+9 Slay+4}
   (You acquired it on level 10 of the Dungeon)

   [ring of slaying]

   Slay:      It affects your accuracy & damage with ranged weapons and melee
   (+4).
   MP:        It affects your magic capacity (+9).
   Will:      It increases your willpower.
 T - a +6 ring of intelligence
 X - the ring "Soed" {rElec rF+ AC+4 Str+6 Int+3}
   (You took it off a spriggan on level 5 of the Lair of Beasts)

   [ring of protection]

   AC:        It affects your AC (+4).
   Str:       It affects your strength (+6).
   Int:       It affects your intelligence (+3).
   rF:        It protects you from fire.
   rElec:     It insulates you from electricity.
Wands
 c - a wand of polymorph (5)
 p - a wand of flame (44)
 N - a wand of paralysis (15)
Scrolls
 h - 3 scrolls of noise
 i - 10 scrolls of vulnerability
 s - 2 scrolls of immolation
 u - 2 scrolls of amnesia
 y - 4 scrolls of fear
 A - 3 scrolls of fog
 B - a scroll of blinking
 G - 2 scrolls of enchant armour
 H - a scroll of summoning
 M - 2 scrolls of magic mapping
 Q - a scroll of poison
 S - 4 scrolls of teleportation
Potions
 b - a potion of curing
 d - 5 potions of mutation
 g - 2 potions of berserk rage
 n - 3 potions of might
 q - a potion of brilliance
 t - 2 potions of attraction
 w - 4 potions of haste
 x - 4 potions of flight
 z - 3 potions of degeneration
 C - a potion of lignification {unknown}
 D - a potion of invisibility {unknown}
 F - a potion of ambrosia
 I - 3 potions of resistance
 J - a potion of cancellation {unknown}


   Skills:
 + Level 14.5 Fighting
 - Level 12.0(15.0) Polearms
 - Level 14.6(16.2) Staves
 - Level 10.0 Dodging
 - Level 7.0 Evocations


You had 13 spell levels left.
You didn't know any spells.
Your spell library was empty.

Dungeon Overview and Level Annotations

Branches:
Dungeon (13/15)            Temple (1/1) D:6            Lair (5/5) D:10
  Swamp (0/4) Lair:3       Spider (0/4) Lair:2        Slime (0/5) Lair:4
    Orc (0/2) D:9         Ossuary (visited)          Bailey (visited)
Volcano (visited)
 Vaults: D:13-14

Altars:
Ashenzari
Cheibriados
Dithmenos
Elyvilon
Fedhas
Gozag
Hepliaklqana
Kikubaaqudgha
Makhleb
Nemelex Xobeh
Okawaru
Qazlal
Ru
Sif Muna
Trog
Uskayaw
Vehumet
Wu Jian
Xom
Yredelemnul
Zin
The Shining One
Jiyva
Lugonu

Shops:
D:7 =   D:8 *   D:9 [

Portals:
Abyss: Lair:5
Trove: D:10 (give +3 gold dragon scales)


Innate Abilities, Weirdness & Mutations

You can spit globs of acid.
Your golden yellow scales are hard. (AC +8)
You cannot fit into any form of body armour.
You have acidic saliva.
You are cold-blooded and may be slowed by cold attacks.
You are resistant to acid. (rCorr)


Message History

Welcome back, CornPuffBuddha the Yellow Draconian Berserker.
Trog says: Kill them all!
Press ? for a list of commands and other information.
A red film seems to cover your vision as you go berserk!
You feel yourself moving faster!
You feel mighty!
The hell hound bites you but does no damage.
Azrael gestures at you.
The sphere of damnation explodes!
The damnation engulfs you!!!
* * * LOW HITPOINT WARNING * * *
The damnation engulfs Azrael.
Azrael completely resists.
The damnation engulfs the hell hound!!
You slash Azrael!
Your weapon exudes an aura of protection.
You tail-slap Azrael.
Azrael is severely wounded.
The hell hound misses you. Azrael gestures at you.
The sphere of damnation explodes!
The damnation engulfs you!!
* * * LOW HITPOINT WARNING * * *
You strike the helpless Azrael from behind!
You carve Azrael like a ham!!!
You kill Azrael!
Trog accepts your kill. The hell hound misses you.
You carve the hell hound like a ham!!!
You kill the hell hound!
Trog accepts your kill. The hell hound misses you.
The fire elemental completely misses you.
A hell hound comes into view.
The hell hound closely misses you.
You slice the hell hound!!
You kill the hell hound!
Trog accepts your kill. The fire elemental hits you.
The fire elemental burns you!
* * * LOW HITPOINT WARNING * * *
The hell hound breathes flames at you.
The blast of flame hits the hell hound.
The hell hound completely resists.
The blast of flame hits you!
You die...

#.##...........#
.##........##.#.##
..........##...#
#........####.#
#........'....#
#........#.####
#...○°...#.#
#..hh†E..#.#
#○#°#@.#.#.# #
#E#......#
#h####.### .h #.#
#. #.# #. #.


You could see a fire elemental and 2 hell hounds.

Vanquished Creatures
  Azrael (D:13)
  4 hydras
  2 catoblepae
  7 death yaks
  2 two-headed ogres (D:11)
  2 boulder beetles (D:12)
  3 thrashing horrors (Lair:5)
  An orc knight (Bailey)
  2 ugly things
  5 deep elf pyromancers
  A manticore (D:12)
  18 elephants
  3 black mambas (Lair:5)
  Maurice (D:11)
  A torpor snail (Lair:1)
  Joseph (D:7)
  17 cane toads
  3 rime drakes
  An unseen horror (D:12)
  4 komodo dragons
  2 ancient zymes (Lair:5)
  6 trolls
  A meliai (Lair:2)
  3 polar bears
  A raiju (shapeshifter) (Lair:5)
  27 blink frogs
  3 slime creatures (D:12)
  3 ynoxinuls (Lair:5)
  A shadow (D:11)
  A spriggan (Lair:5)
  4 wyverns
  4 fire elementals
  5 basilisks (Lair:5)
  29 yaks
  3 chaos spawn (Lair:5)
  2 large abominations (Lair:5)
  Grum (D:11)
  A steam dragon (Lair:2)
  7 water moccasins
  4 hell hounds
  Duvessa (D:7)
  An ice beast (D:7)
  A black bear (D:4)
  18 orc warriors
  10 small abominations (Lair:5)
  A sky beast (D:7)
  2 ogres
  11 wolves
  9 centaurs
  A kobold brigand (D:7)
  7 bullfrogs
  A scorpion (D:6)
  A gnoll sergeant (D:11)
  Dowan (D:7)
  3 wights (D:9)
  19 killer bees
  6 howler monkeys
  4 electric eels
  5 hounds
  A gnoll bouda (D:7)
  2 jellies (D:6)
  9 orc priests
  2 sleepcaps (D:6)
  4 iguanas
  Natasha (twice) (D:2)
  9 orc wizards
  6 hell rats (Lair:2)
  8 mummies (Ossuary)
  Robin (D:2)
  6 adders
  17 gnolls
  A shadow imp (D:6)
  An ufetubus (D:4)
  A worm (D:4)
  A dart slug (D:1)
  51 orcs
  7 ball pythons
  4 bats
  6 endoplasms
  3 giant cockroaches
  2 gnoll zombies (Ossuary)
  20 goblins
  9 hobgoblins
  9 jackals
  9 kobolds
  5 quokkas
  3 frilled lizards
  2 hobgoblin zombies (Ossuary)
  2 kobold zombies (Ossuary)
  2 orc zombies (Ossuary)
  4 rats
498 creatures vanquished.

Vanquished Creatures (others)
  A fire elemental (D:13)
  17 fungi
  14 plants
32 creatures vanquished.

Grand Total: 530 creatures vanquished

Notes
Turn   | Place    | Note
-------+----------+-------------------------------------------
     0 | D:1      | CornPuffBuddha the Draconian Berserker began the quest for
                  | the Orb.
     0 | D:1      | Reached XP level 1. HP: 19/19 MP: 1/1
   102 | D:1      | Reached XP level 2. HP: 26/26 MP: 2/2
   445 | D:1      | Reached ** piety under Trog
   565 | D:1      | Reached XP level 3. HP: 33/33 MP: 3/3
   957 | D:2      | Noticed Robin
   970 | D:2      | Identified 2 scrolls of acquirement
   970 | D:2      | Acquired the +10 quarterstaff of the Jolly Princes {venom,
                  | Int+3 Dex+2}
   971 | D:2      | Acquired the +0 hat "Heymur Ejor" {Contam rPois Will++
                  | MP+9}
   984 | D:2      | Killed Robin
  1014 | D:2      | Reached XP level 4. HP: 27/40 MP: 4/4
  1143 | D:2      | Reached *** piety under Trog
  1243 | D:2      | Noticed Natasha
  1248 | D:2      | Killed Natasha
  1285 | D:2      | Noticed Natasha
  1291 | D:2      | Killed Natasha
  1738 | D:3      | Found a white marble altar of Elyvilon.
  1757 | D:3      | Reached XP level 5. HP: 47/47 MP: 5/5
  1823 | D:3      | Reached skill level 5 in Polearms
  1865 | D:3      | Identified the +2 sling of Blood {heavy, rPois}
  1890 | D:3      | Found a shimmering altar of Xom.
  2039 | D:3      | Reached **** piety under Trog
  2191 | D:3      | Found a glowing silver altar of Zin.
  2191 | D:3      | Noticed an angel
  2301 | D:3      | Found a shadowy altar of Dithmenos.
  2417 | D:4      | Noticed an orc warrior
  2424 | D:4      | Reached skill level 5 in Fighting
  2424 | D:4      | Reached XP level 6. HP: 56/56 MP: 6/6
  2429 | D:4      | Killed an orc warrior
  2502 | D:4      | Found a sand-covered staircase.
  2581 | Ossuary  | Entered an ossuary
  2856 | D:4      | Found a burning altar of Makhleb.
  2998 | D:4      | Your scales start taking on a golden yellow colour.
  2998 | D:4      | Reached XP level 7. HP: 62/62 MP: 7/7
  2998 | D:4      | Gained mutation: You are resistant to acid. (rCorr) [Yellow
                  | Draconian growth]
  3054 | D:4      | Found an opulent altar of Gozag.
  3457 | D:5      | Entered Level 5 of the Dungeon
  3629 | D:5      | Found the +0 toga "Victory" {*Victory Clar}
  3776 | D:5      | Identified the +11 short sword "Gram" {heavy, *Rage rN+
                  | Dex+3}
  3811 | D:5      | Found a stormy altar of Qazlal.
  3862 | D:5      | Identified the +5 cloak of the Sun {rN++ Stlth-}
  4352 | D:6      | Reached ***** piety under Trog
  4353 | D:6      | Reached XP level 8. HP: 59/71 MP: 8/8
  4508 | D:6      | Found a staircase to the Ecumenical Temple.
  4565 | D:6      | Reached skill level 1 in Staves
  4918 | Temple   | Entered the Ecumenical Temple
  5258 | D:7      | Found a radiant altar of Vehumet.
  5258 | D:7      | Found Xeott's Jewellery Shoppe.
  5264 | D:7      | Noticed Joseph
  5656 | D:7      | Killed Joseph
  5657 | D:7      | Reached skill level 5 in Staves
  5657 | D:7      | Reached XP level 9. HP: 80/80 MP: 9/9
  5776 | D:7      | Identified the +0 pair of boots "Ezafroch" {Regen+}
  5937 | D:7      | Found a flagged portal.
  5956 | Bailey   | Entered a bailey
  6055 | Bailey   | Noticed an orc knight
  6079 | Bailey   | Killed an orc knight
  6115 | Bailey   | Found a large runed translucent door.
  6115 | Bailey   | Found a large runed translucent door.
  6116 | Bailey   | Noticed a deep elf pyromancer
  6285 | Bailey   | Killed a deep elf pyromancer
  6286 | Bailey   | Reached skill level 5 in Dodging
  6286 | Bailey   | Reached XP level 10. HP: 91/91 MP: 10/10
  6305 | Bailey   | Identified the staff of cold "Berchuom" {*Corrode rC+ Will+
                  | Dex+6}
  6458 | D:7      | Noticed Duvessa
  6459 | D:7      | Noticed Dowan
  6466 | D:7      | Killed Duvessa
  6469 | D:7      | Killed Dowan
  6848 | D:8      | Found Ripuntot's Lightly-Used Armoury.
  6960 | D:8      | Found a hide-covered altar of Uskayaw.
  7275 | D:9      | Found Jeucuatt's Antique Armour Shoppe.
  7348 | D:9      | Found a burning altar of Makhleb.
  7348 | D:9      | Noticed a blizzard demon
  7352 | D:9      | Noticed a smoke demon
  7767 | D:9      | Reached ****** piety under Trog
  7873 | D:9      | Received a gift from Trog
  7918 | D:9      | Found a staircase to the Orcish Mines.
  8047 | D:9      | Found a shimmering blue altar of Sif Muna.
  8119 | D:9      | Reached skill level 10 in Fighting
  8191 | D:10     | Entered Level 10 of the Dungeon
  8267 | D:10     | Reached skill level 10 in Staves
  8295 | D:10     | Reached XP level 11. HP: 58/99 MP: 11/11
  8400 | D:10     | Found a staircase to the Lair.
  8461 | D:10     | Found a portal to a secret trove of treasure.
  8607 | D:10     | Noticed a purple ugly thing
  8618 | D:10     | Killed a purple ugly thing
  8776 | D:10     | Acquired the ring "Yllevve" {Will+ MP+9 Slay+4}
  8946 | D:11     | Noticed a two-headed ogre
  8951 | D:11     | Killed a two-headed ogre
  9015 | D:11     | Noticed Grum
  9023 | D:11     | Killed Grum
  9104 | D:11     | Noticed a two-headed ogre
  9110 | D:11     | Killed a two-headed ogre
  9171 | D:11     | Noticed Maurice
  9179 | D:11     | Killed Maurice
  9658 | Lair:1   | Entered Level 1 of the Lair of Beasts
  9730 | Lair:1   | Received a gift from Trog
  9962 | Lair:1   | Noticed a death yak
  9962 | Lair:1   | Noticed a death yak
  9983 | Lair:1   | Acquired a +6 bardiche of protection
 10385 | Lair:1   | Killed a death yak
 10392 | Lair:1   | Killed a death yak
 10507 | Lair:2   | Reached XP level 12. HP: 97/110 MP: 12/12
 10613 | Lair:2   | Noticed a catoblepas
 10619 | Lair:2   | Identified the +3 war axe of the Ghost {venom, Str+3 SInv
                  | Stlth+}
 10623 | Lair:2   | Killed a catoblepas
 10808 | Lair:2   | Found a dark tunnel.
 10817 | Volcano  | Entered a volcano
 10948 | Volcano  | HP: 5/112 [fire elemental (11)]
 11109 | Lair:2   | Found a hole to the Spider Nest.
 11829 | Lair:3   | Found a white marble altar of Elyvilon.
 12169 | Lair:3   | Found a staircase to the Swamp.
 12364 | Lair:3   | Reached XP level 13. HP: 118/118 MP: 13/13
 12650 | Lair:4   | Reached skill level 1 in Evocations
 13024 | Lair:4   | Reached skill level 10 in Dodging
 13216 | Lair:4   | Found a viscous altar of Jiyva.
 13216 | Lair:4   | Found a staircase to the Slime Pits.
 13378 | Lair:4   | Reached skill level 10 in Polearms
 13638 | Lair:5   | Entered Level 5 of the Lair of Beasts
 13652 | Lair:5   | Received a gift from Trog
 14038 | Lair:5   | Reached skill level 5 in Evocations
 14156 | Lair:5   | Gained mutation: You have acidic saliva. [Yellow Draconian
                  | growth]
 14156 | Lair:5   | Reached XP level 14. HP: 95/129 MP: 14/14
 14345 | Lair:5   | Received a gift from Trog
 14485 | Lair:5   | Identified the ring "Soed" {rElec rF+ AC+4 Str+6 Int+3}
 14637 | Lair:5   | Found a corrupted altar of Lugonu.
 14637 | Lair:5   | Found a one-way gate to the infinite horrors of the Abyss.
 14664 | Lair:5   | Identified the +4 quarterstaff of the Everdark {heavy, rN+
                  | Str-4 Int+3}
 15982 | D:13     | Noticed Azrael
 15992 | D:13     | HP: 4/199 [Azrael/damnation (26)]
 15993 | D:13     | Killed Azrael
 15995 | D:13     | Killed from afar by a hell hound

Illustrated notes

Levels and vault maps discovered:
D:1:      roderic_chinese_lattice_arrival, layout_loops_ring
D:2:      layout_basic, uniq_natasha, uniq_robin
D:3:      layout_basic, zin_angel, lemuel_tele_altar, general_overflow_altar,
          elyvilon_altar_4, grunt_decor_clamped
D:4:      layout_basic, mainiacjoe_overflow_alcove_4,
          nicolae_ossuary_entry_false_entrances, kennysheep_diamond,
          minmay_manual_monolith
D:5:      layout_loops_ring, grunt_qazlal_clouds, kennysheep_generic_room_16
D:6:      layout_rooms, minmay_temple_entry_trees, minmay_crystal_water,
          nicolae_elevator_lobby_plus
D:7:      layout_cave_pools, vehumet_altar_wand_db, enter_bailey_1,
          serial_shops, shop, uniq_duvessa, uniq_joseph
D:8:      layout_basic, mainiacjoe_overflow_24_doors, minmay_shop_damaged,
          fountainhead, minmay_misc_feat_encased
D:9:      layout_irregular_city, nicolae_overflow_crystal_walls,
          makhleb_altar_promises_db, david_orc_4, serial_shops,
          nicolae_shop_statue_plus, palyth_stone_intersect
D:10:     layout_basic, erik_lair_island, enter_trove_0
D:11:     layout_roguey, minivault_19, uniq_grum, uniq_maurice
D:12:     layout_irregular_city
D:13:     layout_basic, uniq_josephine, uniq_azrael
Temple:   hellmonk_temple_two_chambers
Lair:1:   layout_regular_city
Lair:2:   layout_roguey, hellmonk_spider_entry_not_the_bees,
          nicolae_volcano_entry_lava_flow
Lair:3:   layout_long_grid, minmay_swamp_entry_eels, basic_altar
Lair:4:   layout_concentric_octagons, slime_entry_1
Lair:5:   hellmonk_lair_end_abyssal_woods, layout_big_grid

Skill      XL: |  1  2  3  4  5  6  7  8  9 10 11 12 13 14 |
---------------+-------------------------------------------+-----
Polearms       | 4 5 6 8 9 11 12 | 12.0
Fighting       | 4 5 6 7 9 10 11 12 13 14 | 14.5
Staves         | 5 7 10 12 14 | 14.6
Dodging        | 3 5 6 8 9 10 | 10.0
Evocations     | 5 7 |  7.0

Action                     |  1- 3 |  4- 6 |  7- 9 | 10-12 | 13-15 || total
---------------------------+-------+-------+-------+-------+-------++-------
  Melee: Spear             |   129 |     3 |       |       |       ||   132
         Tailslap          |    11 |    14 |    29 |    66 |    72 ||   192
         Quarterstaff      |       |   109 |   200 |   263 |    21 ||   593
         Bardiche          |       |       |       |   211 |   330 ||   541
         Bite              |       |       |       |       |    11 ||    11
 Invoke: Berserk           |       |     1 |     3 |     5 |     5 ||    14
         Trog's Hand       |       |       |     1 |     4 |     1 ||     6
Ability: Breathe Acid      |       |       |     1 |       |     1 ||     2
  Evoke: Wand              |       |     2 |     7 |    14 |     9 ||    32
    Use: Scroll            |     2 |     3 |     5 |    12 |    18 ||    40
         Potion            |       |     1 |     5 |    10 |     4 ||    20
   Stab: Sleeping          |     1 |     1 |     1 |     2 |       ||     5
         Invisible         |       |       |       |     1 |     5 ||     6
 Armour: Skin              |    27 |    56 |    56 |   177 |   217 ||   533
  Dodge: Dodged            |    52 |    86 |   148 |   400 |   360 ||  1046

Table legend: (Time is in decaauts)
 A = Elapsed time spent in this place.
 B = Non-inter-level travel time spent in this place.
 C = Inter-level travel time spent in this place.
 D = Time resting spent in this place.
 E = Time spent auto-exploring this place.
 F = Levels seen in this place.
 G = Mean time per level.
                   A        B        C        D        E       F      G
               +--------+--------+--------+--------+--------+-----+--------+
         Total |  16165 |  15486 |    679 |   2280 |   9170 |  22 |  734.8 |
       Dungeon |   9804 |   9327 |    477 |   1337 |   6028 |  13 |  754.2 |
        Temple |     19 |     19 |      0 |      0 |     10 |   1 |   19.0 |
          Lair |   5473 |   5272 |    201 |    695 |   3077 |   5 | 1094.6 |
       Ossuary |    227 |    227 |      0 |      0 |     54 |   1 |  227.0 |
        Bailey |    402 |    402 |      0 |    149 |      0 |   1 |  402.0 |
       Volcano |    238 |    238 |      0 |     98 |      0 |   1 |  238.0 |
               +--------+--------+--------+--------+--------+-----+--------+

Top non-repeatable levels by time:
  Lair:5: 1546 daAuts
     D:6: 1310 daAuts
  Lair:4: 1029 daAuts
  Lair:3: 1025 daAuts
  Lair:2: 1013 daAuts
     D:2: 1012 daAuts
     D:9: 950 daAuts
  Lair:1: 859 daAuts
     D:4: 843 daAuts
     D:5: 808 daAuts
    D:11: 806 daAuts
    D:12: 717 daAuts
     D:1: 715 daAuts
     D:7: 697 daAuts
    D:10: 683 daAuts
